 Dungeon Crawl Stone Soup version 0.28.0-45-g0d030f2227 (webtiles) character file.

Game seed: 10439584356073454614

595 protoss039 the Digger (level 7, -12/41 HPs)
             Began as a Gargoyle Earth Elementalist on May 5, 2022.
             Was an Initiate of Vehumet.
             Mangled by an ogre
             ... wielding a +0 giant spiked club
              (18 damage)
             ... on level 5 of the Dungeon.
             The game lasted 00:08:14 (5527 turns).

protoss039 the Digger (Gargoyle Earth Elementalist) Turns: 5527, Time: 00:08:15

Health: -12/41     AC:  7    Str: 16    XL:     7   Next: 40%
Magic:  12/13      EV: 11    Int: 18    God:    Vehumet [......]
Gold:   194        SH:  5    Dex: 10    Spells: 8/14 levels left

rFire   . . .      SeeInvis .   p - +4 trident (venom)
rCold   . . .      Faith    .   (no shield)
rNeg    + + .      Spirit   .   d - +0 leather armour
rPois   ∞          Reflect  +   (no helmet)
rElec   +          Harm     .   (no cloak)
rCorr   .          Rampage  .   (no gloves)
Will    .....                   (no boots)
Stlth   ++........              j - amulet of reflection
HPRegen 0.13/turn               h - ring "Fainudoz" {rN+ Str+5}
MPRegen 0.13/turn               (no ring)

@: no status effects
A: sickness immunity, AC +4, negative energy resistance 1, electricity
resistance, torment resistance 1, petrification resistance
a: Renounce Religion


You were on level 5 of the Dungeon.
You worshipped Vehumet.
Vehumet was noncommittal.
You visited 2 branches of the dungeon, and saw 6 of its levels.

You collected 220 gold pieces.
You spent 26 gold pieces at shops.

Inventory:

Hand Weapons
 p - a +4 trident of venom (weapon)
Missiles
 c - 65 stones
Armour
 b - a +0 robe
 d - a +0 leather armour (worn)
 r - a +0 buckler
Magical Staves
 q - a staff of earth
Jewellery
 h - the ring "Fainudoz" (left hand) {rN+ Str+5}
   (You found it on level 2 of the Dungeon)

   [ring of positive energy]

   Str:       It affects your strength (+5).
   rN:        It protects you from negative energy.
 j - an amulet of reflection (around neck)
Wands
 a - a wand of charming (5)
Scrolls
 e - a scroll of identify
 f - a scroll of blinking
 l - a scroll of magic mapping
 m - 2 scrolls of teleportation
 n - a scroll of fear {unknown}
Potions
 g - 2 potions of lignification
 i - a potion of mutation {unknown}
 k - a potion of haste {unknown}
 o - a potion of curing {unknown}


   Skills:
 + Level 3.2 Fighting
 + Level 0.8 Armour
 - Level 1.8 Dodging
 - Level 2.6 Stealth
 * Level 1.4 Shields
 * Level 4.0 Spellcasting
 + Level 3.4 Conjurations
 - Level 1.1 Transmutations
 + Level 5.6 Earth Magic


You had 8 spell levels left.
You knew the following spells:

 Your Spells              Type           Power      Damage    Failure   Level
a - Sandblast             Erth           48%        2d12      1%          1
b - Passwall              Tmut/Erth      12%        N/A       7%          2
c - Stone Arrow           Conj/Erth      40%        3d9       9%          3

Your spell library contained the following spells:

 Spells                   Type           Power      Damage    Failure   Level
 Petrify                  Tmut/Erth      15%        N/A       41%         4


Dungeon Overview and Level Annotations

Branches:
Dungeon (5/15)             Temple (1/1) D:4

Altars:
Ashenzari
Cheibriados
Dithmenos
Fedhas
Qazlal
Ru
Uskayaw
Vehumet
Wu Jian
Xom
Zin
The Shining One

Shops:
D:2 !?   D:5 *


Innate Abilities, Weirdness & Mutations

You are immune to sickness and miasma.
Your stone body is resilient. (AC +4)
You are immune to poison.
You resist negative energy. (rN+)
You are resistant to electric shocks. (rElec)
You are resistant to unholy torment.
You are immune to petrification.


Message History

Unknown command.
You puncture the hound!
The hound looks as sick as possible!
The hound is severely wounded.
The hound barely misses you. The hound misses you.
Unknown command.
You puncture the hound!
You kill the hound!
Vehumet accepts your kill.
Your Spellcasting skill increases to level 4!
Unknown command.
No target in view!
Unknown command.
Unknown command.
Found 14 sling bullets.
Found Roexipec's General Store.
e - 2 scrolls of identify (gained 1)
An ogre comes into view. It is wielding a +0 giant spiked club.
The ogre shouts!
An ogre is nearby!
As you read the scroll of identify, it crumbles to dust.
l - a scroll of magic mapping You puncture the ogre!
The ogre is poisoned.
The ogre is moderately wounded.
The ogre hits you with a +0 giant spiked club!!
You hit the ogre.
The ogre looks as sick as possible!
The ogre is heavily wounded.
The ogre hits you with a +0 giant spiked club!!
* * * LOW HITPOINT WARNING * * *
You are too injured to fight recklessly!
Unknown command.
Unknown command.
Casting: Sandblast (safe; 1% risk of failure)
Confirm with . or Enter, or press ? or * to list all spells.
Aiming: Sandblast (safe; 1% risk of failure)
Press: ? - help, Shift-Dir - straight line, f - ogre
Aim: an ogre, wielding a +0 giant spiked club (severely wounded, extremely poisoned, 91% to hit)
The blast of sand hits the ogre.
The ogre is severely wounded.
The ogre hits you with a +0 giant spiked club!!
You die...

#..............##
##..).. #.........#...##
#<..#..
#.........###...#
##..†### .........##
#...# #...## ........##
#...## ##..## ##.....
#...# #...# ##...#
##..## #....## ###...#
###.O@..###.....#
...................#
...................#
.§≈≈§§≈≈≈≈§§........#
.≈.....§§..≈...........
.§.≈≈§≈≈≈§.§...........(
.≈.≈.§§..§.§........####
.≈.≈.§§≈§§.≈.§.......#
§.§§≈.≈.≈..........


You could see an ogre (extremely poisoned).

Vanquished Creatures
  A phantom (D:4)
  Blork the orc (D:4)
  A scorpion (D:5)
  A howler monkey (D:4)
  3 hounds
  A bullfrog skeleton (D:5)
  Terence (D:3)
  An iguana (D:5)
  4 gnolls (D:3)
  5 adders
  An ufetubus (D:4)
  An adder skeleton (D:4)
  A worm (D:2)
  4 dart slugs
  2 orcs
  5 bats
  11 endoplasms
  3 giant cockroaches
  9 goblins
  4 hobgoblins
  6 jackals
  5 kobolds
  5 quokkas
  8 ball pythons
  6 frilled lizards
  8 rats
98 creatures vanquished.

Notes
Turn   | Place    | Note
-------+----------+-------------------------------------------
     0 | D:1      | protoss039 the Gargoyle Earth Elementalist began the quest
                  | for the Orb.
     0 | D:1      | Reached XP level 1. HP: 10/10 MP: 3/3
   274 | D:1      | Reached skill level 1 in Transmutations
   274 | D:1      | Reached XP level 2. HP: 15/15 MP: 1/5
  1070 | D:1      | Reached XP level 3. HP: 19/19 MP: 4/6
  1159 | D:1      | Learned a level 2 spell: Passwall
  1163 | D:1      | Learned a level 3 spell: Stone Arrow
  1179 | D:1      | Reached skill level 4 in Earth Magic
  1717 | D:1      | Found a faded altar of an unknown god.
  1808 | D:2      | Found Pixzin's Magic Scroll Shop.
  1815 | D:2      | Bought a scroll of identify for 26 gold pieces
  2060 | D:2      | Reached XP level 4. HP: 18/24 MP: 3/8
  2155 | D:2      | Found Famesees's Distillery.
  2354 | D:2      | Identified the ring "Fainudoz" {rN+ Str+5}
  3008 | D:3      | Noticed Terence
  3018 | D:3      | Killed Terence
  3019 | D:3      | Reached skill level 1 in Fighting
  3019 | D:3      | Reached skill level 1 in Conjurations
  3019 | D:3      | Reached XP level 5. HP: 15/29 MP: 0/9
  3323 | D:3      | Found a glowing silver altar of Zin.
  3437 | D:3      | Reached skill level 5 in Earth Magic
  3913 | D:3      | Found a snail-covered altar of Cheibriados.
  3940 | D:3      | Found a stormy altar of Qazlal.
  4088 | D:4      | Noticed a phantom
  4145 | D:4      | Noticed Blork the orc
  4151 | D:4      | Killed Blork the orc
  4152 | D:4      | Reached XP level 6. HP: 26/36 MP: 5/11
  4393 | D:4      | Found a staircase to the Ecumenical Temple.
  4403 | Temple   | Entered the Ecumenical Temple
  4592 | Temple   | Became a worshipper of Vehumet
  5205 | D:5      | Entered Level 5 of the Dungeon
  5292 | D:5      | Reached XP level 7. HP: 41/41 MP: 2/12
  5400 | D:5      | Reached skill level 1 in Shields
  5514 | D:5      | Found Roexipec's General Store.
  5527 | D:5      | Mangled by an ogre

Illustrated notes

Levels and vault maps discovered:
D:1:      minmay_arrival_pointy, layout_loops_ring,
          shapermc_ecumenical_altar_hornbeckon
D:2:      layout_basic, serial_shops, nicolae_shop_waterfront, shop_fountains,
          minmay_cupped
D:3:      layout_loops_ring, general_overflow_altar, overflow_temple_1_default,
          mainiacjoe_overflow_small_starburst, minmay_tree_intersection,
          minmay_circle_x, uniq_terence
D:4:      layout_basic, minmay_temple_entry_tees, uniq_blork_the_orc
D:5:      layout_layer_cave, mainiacjoe_overflow_surrounded_room, serial_shops,
          nicolae_inconvenience_store, st_stairs_1
Temple:   grunt_temple_mini_profane

Skill      XL: |  1  2  3  4  5  6  7 |
---------------+----------------------+-----
Transmutations | 1 |  1.1
Earth Magic    | 4 5 |  5.6
Spellcasting   | 3 4 |  4.0
Fighting       | 1 2 3 |  3.2
Conjurations   | 1 2 3 |  3.4
Shields        | 1 |  1.4
Armour         | |  0.8
Dodging        | |  1.8
Stealth        | |  2.6

Action                   |  1- 3 |  4- 6 |  7- 9 || total
-------------------------+-------+-------+-------++-------
Melee: Unarmed           |    65 |       |       ||    65
       Short sword       |    81 |    67 |       ||   148
       Dagger            |    17 |       |       ||    17
       Punch             |     3 |       |       ||     3
       Trident           |       |    30 |    14 ||    44
 Cast: Sandblast         |    35 |    45 |     2 ||    82
       Stone Arrow       |       |     3 |       ||     3
  Use: Scroll            |       |     4 |     1 ||     5
 Stab: Sleeping          |     3 |     2 |       ||     5
Armor: Robe              |    12 |       |       ||    12
       Leather armour    |    56 |    30 |     2 ||    88
Dodge: Dodged            |   146 |    54 |     8 ||   208
Block: Other             |       |    21 |     1 ||    22
